 Dungeon Crawl Stone Soup version 0.24.0-13-gcf9b319 (webtiles) character file.

Game seed: 16879732625358184190, levelgen mode: deterministic

5 Charmandara the Grave Robber (level 1, 0/13 HPs)
             Began as a Demonspawn Necromancer on Nov 30, 2019.
             Slain by a dart slug (3 damage)
             ... on level 1 of the Dungeon.
             The game lasted 00:00:38 (104 turns).

Charmandara the Grave Robber (DsNe)                  Turns: 104, Time: 00:00:38

Health: 0/13       AC:  2    Str:  8    XL:     1   Next: 66%
Magic:  0/3        EV: 12    Int: 16    God:
Gold:   0          SH:  0    Dex: 13    Spells: 3/4 levels left

rFire    . . .     SeeInvis .   (no weapon)
rCold    . . .     Gourm    .   (no shield)
rNeg     . . .     Faith    .   a - +0 robe
rPois    .         Spirit   .   (no helmet)
rElec    .         Reflect  .   (no cloak)
rCorr    .         Harm     .   (no gloves)
MR       .....                  (no boots)
Stlth    ++........             (no amulet)
HPRegen  0.04/turn              (no ring)
MPRegen  0.08/turn              (no ring)

@: no status effects
A: no striking features
a: no special abilities


You were on level 1 of the Dungeon.
You were not hungry.

You visited 1 branch of the dungeon, and saw 1 of its levels.

Inventory:

Armour
 a - a +0 robe (worn)
Scrolls
 e - a scroll of immolation {unknown}
Potions
 d - a potion of lignification {unknown}
Comestibles
 b - a chunk of flesh {@w0}
 c - a ration


   Skills:
 - Level 1.7 Dodging
 - Level 1.7 Stealth
 - Level 2.0 Spellcasting
 + Level 4.7 Necromancy


You had 3 spell levels left.
You knew the following spells:

 Your Spells              Type           Power        Failure   Level  Hunger
a - Pain                  Necr           ###.         3%          1    #......

Your spell library contained the following spells:

 Spells                   Type           Power        Failure   Level  Hunger
 Animate Skeleton         Necr           N/A          3%          1    #......
 Vampiric Draining        Necr           ###.......   9%          3    ###....
 Regeneration             Chrm/Necr      #.........   24%         3    ###....
 Animate Dead             Necr           N/A          28%         4    #####..


Dungeon Overview and Level Annotations

Branches:
Dungeon (1/15)

Altars:


Message History

You take 1 damage, and have 12/13 hp.
You now have 2/3 mp.
You start resting.
Health restored: 13; MP restored: 3 You see here 3 stones.
You see here 3 stones.
A frilled lizard comes into view.
A frilled lizard is nearby!
Aim: a frilled lizard (resting, chance to defeat MR: 85%)
The frilled lizard hisses angrily.
The frilled lizard writhes in agony!
You kill the frilled lizard!
You take 1 damage, and have 12/13 hp.
You now have 2/3 mp.
You see here a frilled lizard corpse.
Health restored: 13 You butcher the frilled lizard corpse.
b - a chunk of flesh {@w0} You see here a frilled lizard skeleton.
d - a viscous grey potion MP restored: 3 You see here 15 arrows.
e - a scroll labeled LAOXZI FIOD You see here 15 arrows.
A goblin comes into view.
The goblin shouts!
A ball python comes into view.
A frilled lizard comes into view.
Aim: a goblin (chance to defeat MR: 87%)
The goblin writhes in agony.
You kill the goblin!
The ball python hisses angrily.
The frilled lizard hisses angrily.
A dart slug comes into view.
Unknown command.
You take 1 damage, and have 12/13 hp.
You now have 2/3 mp.
Aim: a frilled lizard (chance to defeat MR: 87%)
The frilled lizard writhes in agony.
You kill the frilled lizard!
You take 1 damage, and have 11/13 hp.
You now have 1/3 mp.
Unknown command.
Aim: a ball python (chance to defeat MR: 87%)
The ball python writhes in agony.
Unknown command.
You take 1 damage, and have 10/13 hp.
You now have 0/3 mp.
Unknown command.
Unknown command.
You don't have enough magic to cast that spell.
Unknown command.
The ball python barely misses you. The ball python misses you.
You don't have enough magic to cast that spell.
Unknown command.
Unknown command.
Okay, then.
The ball python bites you. The ball python closely misses you.
You take 1 damage, and have 9/13 hp.
You don't have enough magic to cast that spell.
Unknown command.
You barely miss the ball python. The ball python barely misses you.
The ball python grabs you. The ball python constricts you.
You hit the ball python but do no damage.
The ball python bites you. The ball python constricts you.
The ball python barely misses you. The ball python constricts you.
You take 1 damage, and have 8/13 hp.
You barely miss the ball python. The ball python bites you.
The ball python constricts you.
You take 1 damage, and have 7/13 hp.
You closely miss the ball python. The ball python bites you.
The ball python constricts you.
You take 1 damage, and have 6/13 hp.
You hit the ball python. The ball python bites you.
The ball python constricts you.
You take 1 damage, and have 5/13 hp.
Unknown command.
You don't have enough magic to cast that spell.
Unknown command.
You hit the ball python. The ball python closely misses you.
The ball python constricts you.
You closely miss the ball python. The ball python barely misses you.
The ball python constricts you. The ball python closely misses you.
The ball python constricts you.
You take 1 damage, and have 4/13 hp.
Unknown command.
You closely miss the ball python. The ball python barely misses you.
* * * LOW HITPOINT WARNING * * *
The ball python constricts you.
You take 1 damage, and have 3/13 hp.
Unknown command.
Aim: a ball python (severely wounded, constricting you, chance to defeat MR: 87%)
The ball python writhes in agony.
You kill the ball python!
Unknown command.
You take 1 damage, and have 2/13 hp.
You now have 0/3 mp.
You hit the dart slug. The dart slug launches a dart at you.
The slug dart misses you.
You hit the dart slug. You barely miss the dart slug.
The dart slug barely misses you.
You barely miss the dart slug. The dart slug misses you.
You hit the dart slug but do no damage. You hit the dart slug but do no damage.
The dart slug bites you.
You die...

...........#
...........#
.w.........
....†.[...
.........
........#########
#.#........
#.#(#######
#.w@.......
#####...#####
...#...#.... ##.#
###.#.............
#......##.####.#..
#.#.#........#....
#.#.#####.##÷#.#.#
#.#.###....#.#.#.#
#.......# #.#.#.#


You could see a dart slug.

Vanquished Creatures
  A ball python (D:1)
  A goblin (D:1)
  A kobold (D:1)
  2 frilled lizards (D:1)
5 creatures vanquished.

Notes
Turn   | Place    | Note
-------+----------+-------------------------------------------
     0 | D:1      | Charmandara the Demonspawn Necromancer began the quest for
                  | the Orb.
     0 | D:1      | Reached XP level 1. HP: 13/13 MP: 3/3
    97 | D:1      | HP: 3/13 [ball python (1)]
   104 | D:1      | Slain by a dart slug

Levels and vault maps discovered:
D:1:      psy_arrival_basics, layout_basic, chequers_serial_rivers_micro_b

Action                   || total
-------------------------++-------
Melee: Unarmed           ||    14
 Cast: Pain              ||     6
Dodge: Dodged            ||    12

Levels and vault maps discovered:
D:1:      psy_arrival_basics, layout_basic, chequers_serial_rivers_micro_b

Table legend:
 A = Turns spent in this place as a percentage of turns spent in the entire game.
 B = Non-inter-level travel turns spent in this place as a percentage of non-inter-level travel turns spent in the entire game.
 C = Inter-level travel turns spent in this place as a percentage of turns spent in this place.
 D = Turns resting spent in this place as a percentage of non-inter-level travel turns spent in this place.
 E = Turns spent auto-exploring this place as a percentage of non-inter-level travel turns spent in this place.
 F = Non-inter-level travel turns spent in this place divided by the number of levels of this place that you've seen.
                   A       B       C       D       E      F
               +-------+-------+-------+-------+-------+----------------------
         Total | 100.0 | 100.0 |   0.0 |  19.2 |  46.2 | 104.0
       Dungeon | 100.0 | 100.0 |   0.0 |  19.2 |  46.2 | 104.0
               +-------+-------+-------+-------+-------+----------------------

Table legend:
 A = Kills in this place as a percentage of kills in entire the game.
 B = Kills by you in this place as a percentage of kills by you in the entire game.
 C = Kills by friends in this place as a percentage of kills by friends in the entire game.
 D = Other kills in this place as a percentage of other kills in the entire game.
 E = Experience gained in this place as a percentage of experience gained in the entire game.
 F = Experience gained in this place divided by the number of levels of this place that you have seen.
                   A       B       C       D       E      F
               +-------+-------+-------+-------+-------+----------------------
         Total | 100.0 | 100.0 |   N/A |   N/A | 100.0 |   8.0
       Dungeon | 100.0 | 100.0 |   N/A |   N/A | 100.0 |   8.0
               +-------+-------+-------+-------+-------+----------------------
